 Dungeon Crawl Stone Soup version 0.28.0-45-g0d030f2227 (webtiles) character file.

Game seed: 14028274306427592776

324 Kaiern the Shooter (level 6, 0/52 HPs)
             Began as a Minotaur Hunter on Apr 8, 2022.
             Slain by a black bear (4 damage)
             ... on level 4 of the Dungeon.
             The game lasted 00:15:48 (4187 turns).

Kaiern the Shooter (Minotaur Hunter)                Turns: 4187, Time: 00:15:49

Health: 0/52       AC: 12    Str: 19    XL:     6   Next: 23%
Magic:  5/5        EV:  8    Int:  8    God:
Gold:   195        SH:  0    Dex: 10    Spells: 5/5 levels left

rFire   . . .      SeeInvis .   b - +0 war axe
rCold   . . .      Faith    .   (no shield)
rNeg    . . .      Spirit   .   v - +0 storm dragon scales
rPois   .          Reflect  .   (helmet restricted)
rElec   +          Harm     .   m - +0 cloak
rCorr   .          Rampage  .   (no gloves)
Will    +....                   (no boots)
Stlth   ..........              (no amulet)
HPRegen 0.17/turn               j - ring of willpower
MPRegen 0.09/turn               (no ring)

@: no status effects
A: horns 2, retaliatory headbutt
a: no special abilities


You were on level 4 of the Dungeon.
You visited 1 branch of the dungeon, and saw 4 of its levels.

You collected 195 gold pieces.

Inventory:

Hand Weapons
 a - a +1 shortbow
 b - a +0 war axe (weapon)
Missiles
 d - 29 arrows
 g - 28 bolts
 i - 5 poisoned darts (quivered)
 r - 4 boomerangs
 t - 12 sling bullets
 x - a throwing net
Armour
 c - a +0 leather armour
 l - a +0 ring mail
 m - a +0 cloak (worn)
 v - +0 storm dragon scales (worn)
Jewellery
 j - a ring of willpower (left hand)
 p - a ring of see invisible
Wands
 u - a wand of iceblast (3)
Scrolls
 e - 3 scrolls of teleportation
 o - a scroll of fog
 w - a scroll of identify
Potions
 f - 2 potions of magic {unknown}
 h - 2 potions of ambrosia
 k - a potion of invisibility {unknown}
 n - 3 potions of mutation
 q - a potion of brilliance {unknown}
 s - a potion of berserk rage


   Skills:
 + Level 4.2 Fighting
 - Level 0.3 Short Blades
 + Level 5.8 Bows
 + Level 3.5 Armour
 + Level 3.9 Dodging
 - Level 0.7 Stealth


You had 5 spell levels left.
You didn't know any spells.
Your spell library contained the following spells:

 Spells                   Type           Power      Damage    Failure   Level
 Fireball                 Conj/Fire      0%         3d3       100%        5
 Ozocubu's Refrigeration  Ice            0%         4d5       100%        7


Dungeon Overview and Level Annotations

Branches:
Dungeon (4/15)
 Temple: D:4-7

Altars:


Innate Abilities, Weirdness & Mutations

You have a pair of horns on your head.
You reflexively headbutt those who attack you in melee.


Message History

The black bear is severely wounded.
The black bear bites you but does no damage.
The black bear barely misses you.
The black bear claws you but does no damage.
The black bear goes berserk!
You barely miss the black bear.
The black bear is severely wounded.
The black bear bites you!
The black bear claws you but does no damage.
The black bear barely misses you. The black bear bites you!
The black bear closely misses you.
The black bear claws you but does no damage.
You hit the black bear.
The black bear is severely wounded.
The black bear bites you! The black bear claws you.
The black bear completely misses you. The black bear closely misses you.
You furiously retaliate!
You headbutt the black bear.
The black bear claws you but does no damage. x2
You barely miss the black bear.
The black bear is almost dead.
The black bear bites you.
The black bear claws you but does no damage. x2
The black bear bites you!
* * * LOW HITPOINT WARNING * * *
The black bear claws you but does no damage.
The black bear claws you.
* * * LOW HITPOINT WARNING * * *
The black bear bites you but does no damage.
The black bear claws you but does no damage.
The black bear barely misses you.
The black bear bites you but does no damage.
The black bear claws you but does no damage. x2
You hit the black bear but do no damage.
The black bear is severely wounded.
The black bear bites you.
* * * LOW HITPOINT WARNING * * *
The black bear closely misses you. The black bear claws you.
* * * LOW HITPOINT WARNING * * *
The black bear bites you.
You die...

...## #....####..#.##......###.
....## ##....####.##.##...(... ..
...>.###.....#.......###...#####.
........................... #.
.....#.............####...# #.
.............#............. ..
........#<...#.......(.####
...........................
....###.........@h..#..####
....#...#####...###...##
..............#####.......
....##.............>######
....##....)...## ###
....##....<...# .........).)..#
...###........# ### #........#


You could see a black bear (berserk).

Vanquished Creatures
  2 orc priests (D:3)
  A gnoll shaman (D:3)
  An iguana (D:4)
  Ijyb (D:3)
  An orc wizard (D:4)
  A hound zombie (D:3)
  An adder (D:2)
  5 gnolls
  An adder skeleton (D:3)
  An adder zombie (D:3)
  2 worms (D:2)
  2 dart slugs (D:2)
  7 orcs
  2 bats
  7 endoplasms
  2 giant cockroaches
  3 goblins
  4 hobgoblins
  4 quokkas
  6 ball pythons
  A ball python skeleton (D:3)
  5 frilled lizards
  A giant cockroach zombie (D:3)
  6 kobolds
  A quokka skeleton (D:3)
  A quokka zombie (D:3)
  11 rats
80 creatures vanquished.

Vanquished Creatures (others)
  25 plants (D:3)
  3 withered plants (D:3)
28 creatures vanquished.

Grand Total: 108 creatures vanquished

Notes
Turn   | Place    | Note
-------+----------+-------------------------------------------
     0 | D:1      | Kaiern the Minotaur Hunter began the quest for the Orb.
     0 | D:1      | Reached XP level 1. HP: 18/18 MP: 0/0
   153 | D:1      | Reached skill level 1 in Armour
   153 | D:1      | Reached XP level 2. HP: 22/25 MP: 1/1
   483 | D:1      | Reached skill level 5 in Bows
  1072 | D:1      | Found a faded altar of an unknown god.
  1137 | D:2      | Reached XP level 3. HP: 30/30 MP: 2/2
  1625 | D:2      | Got Baisi's Catalogue of Congealing Heat
  1815 | D:2      | Reached XP level 4. HP: 24/38 MP: 3/3
  2247 | D:3      | Noticed Ijyb
  2261 | D:3      | Killed Ijyb
  2518 | D:3      | Reached XP level 5. HP: 44/45 MP: 4/4
  3668 | D:4      | Reached XP level 6. HP: 52/52 MP: 5/5
  4187 | D:4      | Slain by a black bear

Illustrated notes

Levels and vault maps discovered:
D:1:      minmay_arrival_diagonal_passages, layout_basic,
          shapermc_ecumenical_altar_hornbeckon
D:2:      minmay_razor_zed, layout_rooms, st_stairs_12, minmay_rat_gold_closets
D:3:      layout_loops_cross, serial_undead, serial_undead_f, serial_undead_c,
          serial_undead_d, serial_undead_d, nicolae_grassy_gnolls, uniq_ijyb
D:4:      layout_rooms

Skill      XL: |  1  2  3  4  5 |
---------------+----------------+-----
Armour         | 1 2 3 |  3.5
Bows           | 5 |  5.8
Fighting       | 3 4 |  4.2
Dodging        | 3 |  3.9
Short Blades   | |  0.3
Stealth        | |  0.7

Action                   |  1- 3 |  4- 6 || total
-------------------------+-------+-------++-------
Melee: Dagger            |    63 |    19 ||    82
       Headbutt          |     7 |     7 ||    14
       Short sword       |     1 |       ||     1
       War axe           |       |    40 ||    40
 Fire: Shortbow          |    34 |    85 ||   119
  Use: Scroll            |       |     7 ||     7
Armor: Leather armour    |     2 |       ||     2
       Ring mail         |    14 |    36 ||    50
       Storm dragon scal |       |    24 ||    24
Dodge: Dodged            |    26 |    49 ||    75
